 Dungeon Crawl Stone Soup version 0.19-a0-957-gf4ea323 (webtiles) character file.

6412 Fubayashi the Thaumaturge (level 10, 0/59 HPs)
             Began as a Gargoyle Earth Elementalist on July 9, 2016.
             Was a Believer of Vehumet.
             Slain by a red ugly thing (19 damage)
             ... on level 11 of the Dungeon on July 10, 2016.
             The game lasted 01:07:22 (14215 turns).

Fubayashi the Thaumaturge (GrEE)                   Turns: 14215, Time: 01:07:22

Health: 0/59       AC: 14    Str: 11    XL:     10   Next: 98%
Magic:  20/31      EV: 14    Int: 20    God:    Vehumet [**....]
Gold:   900        SH:  5    Dex: 12    Spells: 4 memorised, 15 levels left

rFire  . . .     SeeInvis .     G - +6 mace
rCold  . . .     Gourm    .     O - +2 robe
rNeg   + . .     Faith    .     x - +0 buckler
rPois  ∞         Spirit   .     (no helmet)
rElec  +         Dismiss  .     r - +0 cloak
rCorr  .         Reflect  .     (no gloves)
SustAt .         Harm     .     f - +1 pair of boots
MR     .....                    H - amulet of regeneration
Stlth  ++........               N - ring of magical power
                                u - +2 ring of dexterity

@: not resistant to hostile enchantments, unstealthy
A: negative energy resistance 1, electricity resistance, unbreathing,
petrification resistance, rot immunity, AC +7
a: Renounce Religion


You were on level 11 of the Dungeon.
You worshipped Vehumet.
Vehumet was pleased with you.
You were not hungry.

You visited 2 branches of the dungeon, and saw 12 of its levels.
You also visited: Bailey.

You collected 934 gold pieces.
You spent 34 gold pieces at shops.

Inventory:

Hand Weapons
 G - a +6 mace (weapon)
Missiles
 b - 324 stones (quivered)
Armour
 f - a +1 pair of boots (worn)
 r - a +0 cloak (worn)
 x - a +0 buckler (worn)
 O - a +2 robe (worn)
Jewellery
 u - a +2 ring of dexterity (left hand)
 v - an uncursed ring of sustain attributes
 z - an uncursed ring of flight
 H - an amulet of regeneration (around neck)
 N - a ring of magical power (right hand)
 R - an uncursed ring of resist corrosion
 W - a cursed -2 ring of intelligence {unknown}
 Y - an uncursed amulet of guardian spirit {unknown}
Wands
 I - a wand of digging (11/24)
 L - a wand of digging (14/24)
 P - a wand of disintegration (12/24)
Scrolls
 a - 4 scrolls of remove curse {@r2}
 c - a scroll of random uselessness {unknown}
 j - a scroll of immolation {unknown}
 k - 4 scrolls of enchant armour
 q - 2 scrolls of fear {unknown}
 w - a scroll of magic mapping
 y - 4 scrolls of teleportation {@r4}
 A - 2 scrolls of amnesia {unknown}
 C - 2 scrolls of noise {unknown}
 M - 6 scrolls of enchant weapon
 U - a scroll of fog {unknown}
 V - a scroll of summoning {unknown}
 X - a scroll of recharging {unknown}
Potions
 g - a potion of mutation {!q}
 h - a potion of curing {unknown}
 i - 3 potions of brilliance
 l - 3 potions of haste {@q3}
 n - 2 potions of agility
 p - a potion of beneficial mutation {unknown}
 s - 2 potions of flight
 t - 4 potions of magic
 E - a potion of resistance {unknown}
 F - 2 potions of lignification {!q}
 J - 3 potions of heal wounds {@q2}
 K - a potion of berserk rage {unknown}
Books
 e - a book of Geomancy

   Spells                             Type                      Level
   a - Sandblast                      Earth                        1
   b - Passwall                       Transmutation/Earth          2
   c - Stone Arrow                    Conjuration/Earth            3
   d - Petrify                        Transmutation/Earth          4
   e - Lee's Rapid Deconstruction     Earth                        5
 D - a book of the Dragon

   Spells                             Type                      Level
   a - Flame Tongue                   Conjuration/Fire             1
   b - Cause Fear                     Hexes                        4
   c - Bolt of Fire                   Conjuration/Fire             6
   d - Dragon Form                    Transmutation                7
   e - Dragon's Call                  Summoning                    9
 Q - a book of Cantrips

   Spells                             Type                      Level
   a - Confusing Touch                Hexes                        1
   b - Animate Skeleton               Necromancy                   1
   c - Summon Small Mammal            Summoning                    1
   d - Apportation                    Translocation                1
 S - a book of Beasts

   Spells                             Type                      Level
   a - Summon Butterflies             Summoning                    1
   b - Call Canine Familiar           Summoning                    3
   c - Summon Ice Beast               Ice/Summoning                4
   d - Summon Mana Viper              Hexes/Summoning              5
   e - Summon Hydra                   Summoning                    7
 Z - a book of Flames

   Spells                             Type                      Level
   a - Flame Tongue                   Conjuration/Fire             1
   b - Throw Flame                    Conjuration/Fire             2
   c - Conjure Flame                  Conjuration/Fire             3
   d - Inner Flame                    Hexes/Fire                   3
   e - Sticky Flame                   Conjuration/Fire             4
   f - Fireball                       Conjuration/Fire             5
Comestibles
 d - 11 bread rations {@e1}
 m - 3 chunks of flesh
 o - 5 meat rations {@e1}
 B - 3 beef jerkies {@e2}
 T - a slice of pizza {@e2}


   Skills:
 + Level 5.1 Fighting
 + Level 4.1 Maces & Flails
 - Level 4.0 Armour
 + Level 4.4 Dodging
 - Level 2.1 Stealth
 - Level 4.0 Shields
 * Level 8.0 Spellcasting
 + Level 6.1 Conjurations
   Level 0.7 Transmutations
 + Level 2.6 Fire Magic
 + Level 7.8 Earth Magic
 + Level 3.9 Evocations


You had 15 spell levels left.
You knew the following spells:

 Your Spells              Type           Power        Failure   Level  Hunger
a - Sandblast             Erth           #####.       1%          1    None
b - Stone Arrow           Conj/Erth      #####.       1%          3    None
c - Lee's Rapid Deconstr  Erth           #####.....   12%         5    #####..
d - Flame Tongue          Conj/Fire      ####.        1%          1    None


Dungeon Overview and Level Annotations

Branches:
Dungeon (11/15)            Temple (1/1) D:6            Lair (0/6) D:11
    Orc: D:9-12

Altars:
Ashenzari
Cheibriados
Dithmenos
Elyvilon
Fedhas
Gozag
Hepliaklqana
Kikubaaqudgha
Makhleb
Nemelex Xobeh
Okawaru
Pakellas
Qazlal
Ru
Sif Muna
Trog
Uskayaw
Vehumet
Xom
Yredelemnul
Zin
The Shining One

Shops:
D:7 *   D:11 *

Annotations:
D:7 4 runed doors
D:10 tstbtto's ghost, novice MiFi


Innate Abilities, Weirdness & Mutations

You are resistant to torment.
Your stone body is resilient. (AC +7)
You are immune to poison.
You resist negative energy. (rN+)
You are resistant to electric shocks. (rElec)
You can survive without breathing.
You are immune to petrification.
You are immune to rotting.


Message History

Aiming: Stone Arrow
Press: ? - help, Shift-Dir - straight line, f - red ugly thing
Aim: a red ugly thing The stone arrow hits the red ugly thing.
The red ugly thing is moderately wounded.
The adder closely misses you. The red ugly thing gores you.
You are engulfed in flames!
The adder misses you.
Casting: Stone Arrow
Confirm with . or Enter, or press ? or * to list all spells.
Aiming: Stone Arrow
Press: ? - help, Shift-Dir - straight line, f/p - red ugly thing
Aim: a red ugly thing (moderately wounded)
The stone arrow hits the red ugly thing.
The red ugly thing is heavily wounded.
The adder bites you but does no damage. The red ugly thing gores you!
You are engulfed in flames!!
* * * LOW HITPOINT WARNING * * *
You feel much better. The adder barely misses you.
The red ugly thing gores you.
You are engulfed in flames!!
You die...

..........S.S...............
...
...........u>..C............
...
.........###################
#.# ########.# #.# #S# #.#
#######.# #.#
........#####################.#
...............u...............
..............@S).[............
##################....#.#######
##..░....# #.░░.░░..#
#.░.⌠.░..# #.░░.░░.##
#########..░..##
.............#########
...)..................


You could see a red ugly thing and an adder.

Vanquished Creatures
  Psyche (D:8)
  A slime creature (D:10)
  A two-headed ogre (D:10)
  Sigmund (D:4)
  A wyvern (D:8)
  Eustachio (D:4)
  A hungry ghost (D:8)
  2 hippogriffs
  2 mottled dragons
  8 orc warriors
  An ice beast (D:8)
  4 sky beasts
  2 black bears
  8 ogres
  4 centaurs
  2 giant frogs
  A water moccasin zombie (D:7)
  2 scorpions
  9 killer bees
  8 wights
  3 howler monkeys
  4 crimson imps
  2 quasits
  3 hounds
  A jelly (D:11)
  A centaur skeleton (D:7)
  2 giant frog skeletons
  6 orc priests
  5 orc wizards
  7 worker ants
  A killer bee zombie (D:8)
  2 hound skeletons
  2 worker ant zombies
  A gnoll (Bailey)
  7 adders
  3 shadow imps
  An ooze (D:3)
  An adder skeleton (D:3)
  4 worms
  2 dart slugs
  5 giant geckos
  17 orcs
  A ball python (D:1)
  5 giant cockroaches
  18 goblins
  10 hobgoblins
  2 jackals (D:1)
  4 quokkas
  5 bats
  A giant gecko skeleton (D:6)
  4 giant newts
  A jackal zombie (D:8)
  17 kobolds
  A quokka skeleton (D:3)
  13 rats
222 creatures vanquished.

Notes
Turn   | Place    | Note
-------+----------+-------------------------------------------
     0 | D:1      | Fubayashi the Gargoyle Earth Elementalist began the quest for the Orb.
     0 | D:1      | Reached XP level 1. HP: 10/10 MP: 3/3
     0 | D:1      | Upgraded the game from 0.19-a0-944-gb338e1e to 0.19-a0-957-gf4ea323
     1 | D:1      | Noticed an electric eel
   375 | D:1      | Reached XP level 2. HP: 15/15 MP: 1/5
  1108 | D:1      | Reached skill level 3 in Spellcasting
  1108 | D:1      | Reached XP level 3. HP: 18/19 MP: 5/7
  1113 | D:1      | Learned a level 3 spell: Stone Arrow
  2034 | D:2      | Reached XP level 4. HP: 24/24 MP: 6/9
  2712 | D:3      | Reached skill level 1 in Conjurations
  2976 | D:3      | Reached XP level 5. HP: 28/28 MP: 3/10
  3354 | D:3      | Reached skill level 5 in Earth Magic
  3519 | D:4      | Reached skill level 4 in Spellcasting
  3694 | D:4      | Reached XP level 6. HP: 31/32 MP: 12/12
  3730 | D:4      | Learned a level 5 spell: Lee's Rapid Deconstruction
  3923 | D:4      | Noticed a sky beast
  3943 | D:4      | Killed a sky beast
  4162 | D:4      | Noticed Eustachio
  4273 | D:4      | Noticed Sigmund
  4480 | D:4      | Reached skill level 5 in Spellcasting
  4480 | D:4      | Reached XP level 7. HP: 36/36 MP: 7/14
  4745 | D:4      | Killed Eustachio
  4865 | D:4      | Reached skill level 1 in Armour
  5258 | D:5      | Entered Level 5 of the Dungeon
  5496 | D:5      | Reached skill level 1 in Fighting
  5793 | D:5      | Reached skill level 1 in Shields
  5812 | D:5      | Reached skill level 1 in Maces & Flails
  5812 | D:5      | Reached XP level 8. HP: 14/43 MP: 10/16
  6060 | D:5      | Reached skill level 1 in Evocations
  6336 | D:4      | Killed Sigmund
  6687 | D:5      | Reached skill level 6 in Spellcasting
  7398 | D:6      | Found a staircase to the Ecumenical Temple.
  7419 | Temple   | Entered the Ecumenical Temple
  7605 | D:6      | Reached XP level 9. HP: 47/49 MP: 18/18
  8948 | D:7      | Found Ikhoguok's Assorted Antiques.
  9098 | D:7      | Found a huge runed gate.
  9098 | D:7      | Noticed a polar bear
  9098 | D:7      | Noticed a polar bear
  9099 | D:7      | Found a huge runed gate.
  9099 | D:7      | Found a huge runed gate.
  9099 | D:7      | Found a huge runed gate.
  9100 | D:7      | Noticed a polar bear
  9100 | D:7      | Noticed a death yak
  9100 | D:7      | Noticed a polar bear
  9100 | D:7      | Noticed a polar bear
  9100 | D:7      | Noticed a polar bear
  9101 | D:7      | Noticed a polar bear
  9366 | D:7      | Noticed a polar bear
  9433 | D:8      | Noticed a two-headed ogre
  9491 | D:8      | Noticed Psyche
  9577 | D:8      | Found a radiant altar of Vehumet.
  9585 | D:8      | Became a worshipper of Vehumet
  9970 | D:8      | Killed Psyche
  9970 | D:8      | Reached skill level 7 in Spellcasting
  9970 | D:8      | Reached skill level 5 in Conjurations
 10132 | D:8      | Reached XP level 10. HP: 51/56 MP: 13/20
 10135 | D:8      | Learned a level 1 spell: Flame Tongue
 10870 | D:9      | Reached skill level 1 in Fire Magic
 10884 | D:9      | Found an iron altar of Okawaru.
 10884 | D:9      | Found an ancient bone altar of Kikubaaqudgha.
 10884 | D:9      | Found a shimmering altar of Xom.
 10885 | D:9      | Found an oddly glowing altar of Pakellas.
 11018 | D:9      | Found a flagged portal.
 11052 | Bailey   | Entered a bailey
 11077 | Bailey   | Reached * piety under Vehumet
 11077 | Bailey   | Offered knowledge of Sting by Vehumet.
 12348 | D:9      | Found a radiant altar of Vehumet.
 12349 | D:9      | Found a snail-covered altar of Cheibriados.
 12526 | D:10     | Entered Level 10 of the Dungeon
 12561 | D:10     | Noticed tstbtto's ghost (novice MiFi)
 12780 | D:10     | Offered knowledge of Searing Ray by Vehumet.
 12943 | D:10     | Reached ** piety under Vehumet
 13571 | D:11     | Found Megreg's General Store.
 13574 | D:11     | Bought a scroll of identify for 34 gold pieces
 13586 | D:11     | Reached skill level 5 in Fighting
 14077 | D:11     | Found a staircase to the Lair.
 14103 | D:11     | Reached skill level 8 in Spellcasting
 14168 | D:11     | Noticed a hill giant
 14169 | D:11     | Noticed a red ugly thing
 14215 | D:11     | Slain by a red ugly thing

Vault maps used:
D:1:      arrival_aquarium_a
D:2:      small_statue_intersection, hex_intersection
D:3:      first_bread, kennysheep_generic_room_4
D:4:      uniq_eustachio, uniq_sigmund
D:7:      lemuel_bear_cage, serial_shops, kennysheep_little_box, grunt_ogre_cave
D:8:      basic_altar, hangedman_decor_growths, minmay_misc_feat_iff,
          uniq_psyche
D:9:      grunt_temple_overflow_open, enter_bailey_3
D:10:     grunt_ministairs_1, minivault_23
D:11:     regret_index_bee_streams, lair_0_dummy, serial_shops, shop,
          corexii_leaking_fountain, grunt_decor_one_mirror
Temple:   eino_temple_rhombus
Bailey:   bailey_axe_4, bailey

Skill      XL: |  1  2  3  4  5  6  7  8  9 10 |
---------------+-------------------------------+-----
Spellcasting   | 3 4 5 6 7 8 |  8.0
Earth Magic    | 4 5 6 7 |  7.8
Conjurations   | 1 2 3 4 5 6 |  6.1
Armour         | 1 2 4 |  4.0
Fighting       | 1 2 4 5 |  5.1
Dodging        | 2 3 4 |  4.4
Shields        | 1 2 3 4 |  4.0
Maces & Flails | 1 2 3 4 |  4.1
Evocations     | 2 3 |  3.9
Fire Magic     | 2 |  2.6
Stealth        | |  2.1
Transmutations | |  0.7

Action                   |  1- 3 |  4- 6 |  7- 9 | 10-12 || total
-------------------------+-------+-------+-------+-------++-------
Melee: Mace              |    50 |    44 |    87 |    96 ||   277
       Short sword       |       |    50 |   104 |       ||   154
       Flail             |       |       |    25 |       ||    25
 Cast: Sandblast         |    57 |    66 |       |       ||   123
       Stone Arrow       |       |     2 |    79 |   142 ||   223
       Lee's Rapid Decon |       |       |       |     1 ||     1
 Abil: Evoke Flight      |       |       |       |     5 ||     5
  Use: Scroll            |       |     3 |     6 |     6 ||    15
       Potion            |       |       |       |     1 ||     1
 Stab: Sleeping          |       |     2 |     1 |     1 ||     4
       Distracted        |       |       |     1 |       ||     1
  Eat: Chunk             |     3 |     9 |    12 |    12 ||    36
       Beef jerky        |       |       |     2 |     2 ||     4
       Bread ration      |       |       |     1 |       ||     1
Armor: Robe              |    33 |    66 |   119 |   122 ||   340
Dodge: Dodged            |    44 |   108 |   206 |   174 ||   532
Block: Buckler           |       |       |       |    53 ||    53
